 Dungeon Sprint DCSS version 0.19.1 (webtiles) character file.

3100000 Groucho the Ninja (level 17, -31/108 HPs)
             Began as a Spriggan Assassin on Dec 12, 2016.
             Was a Priest of Makhleb.
             Killed from afar by a large bag of meat (62 damage)
             ... with an exploding inner flame
             ... in the Dungeon (Sprint VIII: "Arena of Blood").
             The game lasted 00:01:12 (31 turns).

Groucho the Ninja (Spriggan Assassin)                 Turns: 31, Time: 00:01:12

Health: -31/108    AC:  3    Str:  7    XL:     17   Next: 40%
Magic:  18/33      EV: 44    Int: 12    God:    Makhleb [***...]
Gold:   0          SH:  0    Dex: 25    Spells: 0 memorised, 16 levels left

rFire  . . .     SeeInvis +     n - +∞ Axe of Woe
rCold  . . .     Gourm    .     c - +0 robe
rNeg   . . .     Faith    .     (shield currently unavailable)
rPois  .         Spirit   .     (helmet restricted)
rElec  .         Reflect  .     d - +0 cloak
rCorr  .         Harm     .     (gloves unavailable)
MR     ++...     NoTele   +     (boots unavailable)
Stlth  +++++++++.               (no amulet)
                                (no ring)
                                (no ring)

@: very quick
A: unfitting armour, see invisible, herbivore 3, speed 3, slow metabolism 2
a: Minor Destruction, Lesser Servant of Makhleb, Renounce Religion


You were in the Dungeon.
You worshipped Makhleb.
Makhleb was most pleased with you.
You were not hungry.

You visited 1 branch

Inventory:

Hand Weapons
 a - a +2 dagger
 b - a +0 blowgun
 n - the +∞ Axe of Woe (weapon)
   (You found it in the Dungeon)
Missiles
 e - 8 poisoned needles
 f - 2 curare-tipped needles
Armour
 c - a +0 robe (worn)
 d - a +0 cloak (worn)
Scrolls
 m - a scroll of blinking
Potions
 h - a potion of curing
 i - a potion of heal wounds
 j - a potion of haste
 k - 2 potions of magic
 l - a potion of berserk rage
Comestibles
 g - a bread ration


   Skills:
 + Level 20.2 Fighting
 - Level 2.1 Short Blades
 O Level 27 Axes
 - Level 2.0 Throwing
 O Level 27 Dodging
 O Level 27 Stealth
 + Level 23.0 Invocations


You had 16 spell levels left.
You didn't know any spells.

Dungeon Overview and Level Annotations

Branches:
Dungeon (1/1)

Altars:
Makhleb


Innate Abilities, Weirdness & Mutations

You are very small and have problems with some larger weapons.
You are too small for most types of armour.
You have supernaturally acute eyesight. (SInv)
You are a herbivore.
You cover ground extremely quickly.
You need consume almost no food.


Message History

You are too injured to fight recklessly!
Unknown command.
You are too injured to fight recklessly!
Unknown command.
You are too injured to fight recklessly!
Unknown command.
You are too injured to fight recklessly!
Unknown command.
You slash the meat berserker!
You cleave the meat berserker in twain.
You kill the meat berserker!
Makhleb accepts your kill.
Your Fighting skill gained 3 levels and is now at level 20!
Your Invocations skill gained 4 levels and is now at level 23!
You have reached level 17!
You hit the large bag of meat but do no damage.
You slaughter the large bag of meat joyfully.
The large bag of meat explodes!
The fiery explosion engulfs you!
Ouch! That really hurt!
You die...

.........
.........
#.......# ..
#.......# .
...###...
...###..
........###......
#....o.§§_......
....o.#§§)..#..
..... #§@<)_#
..V. #..)).#
#........_)......
........###......
...###...
...###.. . #...
...# . #... ...#
...oV.... .. ..


You could see a bag of meat.

Vanquished Creatures
  3 ogres (D)
  7 orcs (D)
10 creatures vanquished.

Notes
Turn   | Place    | Note
-------+----------+-------------------------------------------
     0 | D        | Groucho the Spriggan Assassin began the quest for the Orb.
     0 | D        | Reached XP level 1. HP: 10/10 MP: 2/2
     4 | D        | Became a worshipper of Makhleb the Destroyer
     5 | D        | Noticed a bag of meat
     5 | D        | Noticed a bag of meat
     6 | D        | Noticed a bag of meat
     8 | D        | Noticed a bag of meat
     9 | D        | Noticed a bag of meat
    10 | D        | Noticed a meat berserker
    12 | D        | Killed a meat berserker
    12 | D        | Reached skill level 27 in Stealth
    12 | D        | Reached XP level 2. HP: 14/14 MP: 3/3
    12 | D        | Reached XP level 3. HP: 18/18 MP: 4/4
    12 | D        | Reached XP level 4. HP: 22/22 MP: 5/5
    12 | D        | Reached XP level 5. HP: 25/25 MP: 6/6
    12 | D        | Reached XP level 6. HP: 30/30 MP: 7/7
    12 | D        | Reached XP level 7. HP: 33/33 MP: 8/8
    12 | D        | Reached XP level 8. HP: 37/37 MP: 9/9
    12 | D        | Reached XP level 9. HP: 41/41 MP: 10/10
    12 | D        | Reached XP level 10. HP: 46/46 MP: 11/11
    12 | D        | Reached XP level 11. HP: 49/49 MP: 12/12
    12 | D        | Reached XP level 12. HP: 53/53 MP: 13/13
    12 | D        | Reached XP level 13. HP: 57/57 MP: 14/14
    13 | D        | Noticed a bag of meat
    13 | D        | Killed a bag of meat
    13 | D        | Reached * piety under Makhleb
    13 | D        | Reached skill level 27 in Dodging
    14 | D        | Noticed a meat berserker
    15 | D        | Killed a bag of meat
    15 | D        | Reached XP level 14. HP: 61/61 MP: 15/15
    15 | D        | Killed a meat berserker
    15 | D        | Reached XP level 15. HP: 65/65 MP: 16/16
    17 | D        | Reached ** piety under Makhleb
    18 | D        | Reached skill level 10 in Fighting
    18 | D        | Reached skill level 27 in Axes
    21 | D        | Reached skill level 15 in Invocations
    21 | D        | Reached XP level 16. HP: 91/91 MP: 16/28
    23 | D        | Reached *** piety under Makhleb
    23 | D        | Reached skill level 15 in Fighting
    25 | D        | Noticed a large bag of meat
    26 | D        | Noticed a meat berserker
    27 | D        | Noticed a large bag of meat
    27 | D        | Noticed a destroyer
    30 | D        | Noticed a destroyer
    31 | D        | Killed a meat berserker
    31 | D        | Reached XP level 17. HP: 31/108 MP: 18/33
    31 | D        | Killed a large bag of meat
    31 | D        | Killed from afar by a large bag of meat

Skill      XL: |  1  2  3  4  5  6  7  8  9 10 11 12 13 14 15 16 |
---------------+-------------------------------------------------+-----
Axes           | 16 21 25 27 | 27.0
Dodging        | 24 27 | 27.0
Stealth        | 27 | 27.0
Fighting       | 13 20 | 20.2
Invocations    | 15 23 | 23.0
Short Blades   | |  2.1
Throwing       | |  2.0

Action                   |  1- 3 |  4- 6 |  7- 9 | 10-12 | 13-15 | 16-18 || total
-------------------------+-------+-------+-------+-------+-------+-------++-------
Melee: Broad axe         |     1 |       |       |       |     5 |     3 ||     9
Dodge: Dodged            |       |       |       |       |     1 |       ||     1
